 Dungeon Crawl Stone Soup version 0.26-a0-487-gbff1e92059 (webtiles) character file.

Game seed: 13854886781376749274

5 Lovable the Charlatan (level 1, -1/15 HPs)
             Began as a Demonspawn Artificer on Aug 2, 2020.
             Slain by a kobold (2 damage)
             ... on level 1 of the Dungeon.
             The game lasted 00:01:43 (146 turns).

Lovable the Charlatan (Demonspawn Artificer)         Turns: 146, Time: 00:01:43

Health: -1/15      AC:  5    Str: 12    XL:     1   Next: 66%
Magic:  1/1        EV: 10    Int: 12    God:
Gold:   11         SH:  0    Dex: 13    Spells: 0/0 levels left

rFire    . . .     SeeInvis .   a - +0 club
rCold    . . .     Faith    .   (no shield)
rNeg     . . .     Spirit   .   g - +0 ring mail
rPois    .         Reflect  .   (no helmet)
rElec    .         Harm     .   (no cloak)
rCorr    .                      (no gloves)
MR       .....                  (no boots)
Stlth    +.........             (no amulet)
HPRegen  0.05/turn              (no ring)
MPRegen  0.07/turn              (no ring)

@: no status effects
A: no striking features
a: no special abilities


You were on level 1 of the Dungeon.
You visited 1 branch of the dungeon, and saw 1 of its levels.

You collected 11 gold pieces.

Inventory:

Hand Weapons
 a - a +0 club (weapon)
Armour
 g - a +0 ring mail (worn)
Wands
 c - a wand of flame (13)
 d - a wand of enslavement (12)
 e - a wand of random effects (15)
Scrolls
 f - a scroll of fear {unknown}


   Skills:
 + Level 1.0 Fighting
 + Level 1.7 Armour
 + Level 1.2 Dodging
 + Level 0.8 Stealth
 + Level 3.2 Evocations


You couldn't memorise any spells.
You didn't know any spells.
Your spell library was empty.

Dungeon Overview and Level Annotations

Branches:
Dungeon (1/15)

Altars:


Message History

You closely miss the rat. The kobold hits you. The rat barely misses you.
The rat bites you but does no damage.
You closely miss the rat. The kobold hits you but does no damage.
The rat barely misses you. The rat bites you. The kobold misses you.
You closely miss the rat.
The rat bites you. x2; The kobold barely misses you.
The rat bites you but does no damage. The rat closely misses you.
You closely miss the rat. The kobold barely misses you.
The rat bites you but does no damage. x2
You completely miss the rat. The kobold misses you. The rat barely misses you.
The rat bites you but does no damage. The kobold barely misses you.
You hit the rat but do no damage.
The rat bites you but does no damage. x2
The kobold hits you.
* * * LOW HITPOINT WARNING * * *
The rat bites you but does no damage. The rat bites you.
* * * LOW HITPOINT WARNING * * *
You closely miss the rat. The kobold closely misses you.
The rat bites you but does no damage. x2
You hit the rat but do no damage. The kobold hits you but does no damage.
The rat closely misses you. The rat barely misses you. The kobold hits you.
You die...

#####...###........
#.......#..........
#.......#.........>
###...........#......
##.............#...... .
...................... #.
#..r............... ####
#.######.@r........$...... ...
.....##..K....#.......... ...
....##..........#.......
..##+######..##........##..#.....
..#.......#..##............#.#...
..'.......#..†.............+.....
..#.......#..##.........)..#.##..
..#.......#..###......)..[.#.. ..
..#...<...#..# #.........##### .


You could see a kobold and 2 rats.

Vanquished Creatures
  A bat (D:1)
  A goblin (D:1)
  2 hobgoblins (D:1)
4 creatures vanquished.

Notes
Turn   | Place    | Note
-------+----------+-------------------------------------------
     0 | D:1      | Lovable the Demonspawn Artificer began the quest for the
                  | Orb.
     0 | D:1      | Reached XP level 1. HP: 15/15 MP: 1/1
    51 | D:1      | Reached skill level 1 in Dodging
   146 | D:1      | Slain by a kobold

Illustrated notes

Levels and vault maps discovered:
D:1:      lemuel_arrival_room, layout_basic

Skill      XL: |  1 |
---------------+----+-----
Dodging        | 1 |  1.2
Fighting       | |  1.0
Armour         | |  1.7
Stealth        | |  0.8
Evocations     | |  3.2

Action                   || total
-------------------------++-------
Melee: Club              ||    23
Evoke: Wand              ||     5
Armor: Ring mail         ||    17
       Leather armour    ||     4
Dodge: Dodged            ||    24

Table legend: (Time is in decaauts)
 A = Elapsed time spent in this place.
 B = Non-inter-level travel time spent in this place.
 C = Inter-level travel time spent in this place.
 D = Time resting spent in this place.
 E = Time spent auto-exploring this place.
 F = Levels seen in this place.
 G = Mean time per level.
                   A        B        C        D        E       F      G
               +--------+--------+--------+--------+--------+-----+--------+
         Total |    152 |    152 |      0 |      0 |      0 |   1 |  152.0 |
       Dungeon |    152 |    152 |      0 |      0 |      0 |   1 |  152.0 |
               +--------+--------+--------+--------+--------+-----+--------+

Top non-repeatable levels by time:
     D:1: 152 daAuts
